NYP
WILLIAMSPORT CROSSCUTTERS @ TRI-CITY DUST DEVILS
05/11/2044
 
TOP OF THE 1ST
Williamsport Crosscutters batting - Pitching for Tri-City Dust Devils : LHP Bei Xú
Pitching: LHP Bei Xú
Batting: RHB Prabhukumar Santhanakrishnan 0-0: Swinging Strike
0-1: Ground out 4-3 (Groundball, 4, EV 96.9 MPH)
Batting: RHB Alan Weller 0-0: Ball
1-0: Called Strike
1-1: Ground out 5-3 (Groundball, 5, EV 93.8 MPH)
Batting: SHB Benjamin Brown 0-0: Called Strike
0-1: Called Strike
0-2: Strikes out swinging
Top of the 1st over - 0 runs, 0 hits, 0 errors, 0 left on base; Williamsport 0 - Tri-City 0
BOTTOM OF THE 1ST
Tri-City Dust Devils batting - Pitching for Williamsport Crosscutters : LHP Wil Diaz
Pitching: LHP Wil Diaz
Batting: RHB Jeremy Mercer 0-0: Fly out, F3 (Line Drive, 3, EV 67.5 MPH)
Batting: SHB Ryan Brown 0-0: Ground out 5-3 (Groundball, 5, EV 102.5 MPH)
Batting: RHB Joe Weissman 0-0: Ball
1-0: Ball
2-0: Ball
3-0: Base on Balls
Batting: LHB Frank McConnell 0-0: Swinging Strike
0-1: Ball
1-1: Ball
2-1: Swinging Strike
2-2: Ball
3-2: Strikes out swinging
Bottom of the 1st over - 0 runs, 0 hits, 0 errors, 1 left on base; Williamsport 0 - Tri-City 0
TOP OF THE 2ND
Williamsport Crosscutters batting - Pitching for Tri-City Dust Devils : LHP Bei Xú
Batting: RHB Jimmy Misener 0-0: Ball
1-0: Ground out 5-3 (Groundball, 56S, EV 81.9 MPH)
Batting: RHB Matt McDevitt 0-0: Ball
1-0: Called Strike
1-1: Ball
2-1: Swinging Strike
2-2: Foul Ball, location: 2F
2-2: Foul Ball, location: 2F
2-2: Foul Ball, location: 2F
2-2: Ball
3-2: SINGLE (Flyball, 78S, EV 94.4 MPH)
Batting: RHB Allen Gravel 0-0: Called Strike
0-1: Fielders Choice at 2nd, 6-4 (Groundball, 6, EV 85.6 MPH)
Batting: RHB Moritake Fukumoto 0-0: Called Strike
0-1: Ball
1-1: Ground out 4-3 (Groundball, 34, EV 103.1 MPH)
Top of the 2nd over - 0 runs, 1 hit, 0 errors, 1 left on base; Williamsport 0 - Tri-City 0
BOTTOM OF THE 2ND
Tri-City Dust Devils batting - Pitching for Williamsport Crosscutters : LHP Wil Diaz
Batting: RHB Jaden Scott 0-0: Ball
1-0: Called Strike
1-1: Foul Ball, location: 2F
1-2: Foul Ball, location: 2F
1-2: Foul Ball, location: 2F
1-2: Fly out, F8 (Flyball, 8RD, EV 93.8 MPH)
Batting: RHB Bryan Pitcher 0-0: Swinging Strike
0-1: Foul Ball, location: 2F
0-2: Foul Ball, location: 2F
0-2: Strikes out swinging
Batting: LHB Paul Adams 0-0: Ball
1-0: DOUBLE (Line Drive, 7LD, EV 106.3 MPH)
Batting: RHB Ruben Luis 0-0: Swinging Strike
0-1: Swinging Strike
0-2: Ball
1-2: Ball
2-2: Ball
3-2: Base on Balls
Batting: RHB Ron Major 0-0: Foul Ball, location: 2F
0-1: Called Strike
0-2: Foul Ball, location: 2F
0-2: Strikes out swinging
Bottom of the 2nd over - 0 runs, 1 hit, 0 errors, 2 left on base; Williamsport 0 - Tri-City 0
TOP OF THE 3RD
Williamsport Crosscutters batting - Pitching for Tri-City Dust Devils : LHP Bei Xú
Batting: RHB Ken Gadberry 0-0: Called Strike
0-1: Foul Ball, location: 2F
0-2: TRIPLE (Groundball, 3L, EV 109.4 MPH)
Batting: RHB Cory Bonham 0-0: Called Strike
0-1: Called Strike
0-2: Strikes out looking
Batting: RHB Prabhukumar Santhanakrishnan 0-0: Ball
1-0: Ball
2-0: SINGLE (Groundball, 34D, EV 98.1 MPH)
Ken Gadberry scores
Batting: RHB Alan Weller 0-0: Fly out, F8 (Flyball, 8RM, EV 95.6 MPH)
Batting: SHB Benjamin Brown 0-0: Ball
1-0: Called Strike
1-1: Called Strike
1-2: SINGLE (Flyball, 6D, EV 89.4 MPH)
Prabhukumar Santhanakrishnan to second
Prabhukumar Santhanakrishnan to third
Batting: RHB Jimmy Misener 0-0: Called Strike
0-1: Ball
1-1: Foul Ball, location: 2F
1-2: Strikes out swinging
Top of the 3rd over - 1 run, 3 hits, 0 errors, 2 left on base; Williamsport 1 - Tri-City 0
BOTTOM OF THE 3RD
Tri-City Dust Devils batting - Pitching for Williamsport Crosscutters : LHP Wil Diaz
Batting: RHB Jeremy Mercer 0-0: Foul Ball, location: 2F
0-1: Foul Ball, location: 2F
0-2: Ball
1-2: Ball
2-2: Ball
3-2: Strikes out swinging
Batting: SHB Ryan Brown 0-0: Ball
1-0: Ball
2-0: Foul Ball, location: 2F
2-1: Ground out 4-3 (Groundball, 4, EV 89.4 MPH)
Batting: RHB Joe Weissman 0-0: Ball
1-0: Ball
2-0: Ball
3-0: Called Strike
3-1: Base on Balls
Batting: LHB Frank McConnell 0-0: Ball
1-0: Fly out, F3 (Popup, 3SF, EV 85.0 MPH)
Bottom of the 3rd over - 0 runs, 0 hits, 0 errors, 1 left on base; Williamsport 1 - Tri-City 0
TOP OF THE 4TH
Williamsport Crosscutters batting - Pitching for Tri-City Dust Devils : LHP Bei Xú
Batting: RHB Matt McDevitt 0-0: Ball
1-0: Ball
2-0: Foul Ball, location: 2F
2-1: Foul Ball, location: 2F
2-2: SINGLE (Groundball, 25, EV 72.5 MPH) (infield hit)
Batting: RHB Allen Gravel 0-0: Fly out, F9 (Flyball, 9, EV 91.3 MPH)
Batting: RHB Moritake Fukumoto 0-0: Ball
1-0: Foul Ball, location: 2F
1-1: Ball
2-1: Called Strike
2-2: Foul Ball, location: 2F
2-2: SINGLE (Groundball, 4MD, EV 106.9 MPH)
Matt McDevitt to second
Batting: RHB Ken Gadberry 0-0: Called Strike
0-1: Ball
1-1: Foul Ball, location: 2F
1-2: Ball
2-2: Foul Ball, location: 2F
2-2: Ball
3-2: SINGLE (Groundball, 6M, EV 103.8 MPH)
Matt McDevitt to third
Moritake Fukumoto to second
Runner from 3rd tries for Home, throw by CF and OUT! 8-2
Batting: RHB Cory Bonham 0-0: Ball
1-0: Foul Ball, location: 2F
1-1: Ball
2-1: Foul Ball, location: 2F
2-2: Strikes out swinging
Top of the 4th over - 0 runs, 3 hits, 0 errors, 2 left on base; Williamsport 1 - Tri-City 0
BOTTOM OF THE 4TH
Tri-City Dust Devils batting - Pitching for Williamsport Crosscutters : LHP Wil Diaz
Batting: RHB Jaden Scott 0-0: Called Strike
0-1: Ball
1-1: DOUBLE (Flyball, 8LXD, EV 106.9 MPH)
Batting: RHB Bryan Pitcher 0-0: Called Strike
0-1: Ball
1-1: Ball
2-1: Called Strike
2-2: Ball
3-2: Base on Balls
Batting: LHB Paul Adams 0-0: Swinging Strike
0-1: SINGLE (Line Drive, 6D, EV 96.9 MPH)
Jaden Scott to third
Bryan Pitcher to second
Batting: RHB Ruben Luis 0-0: Called Strike
0-1: Ball
1-1: Ball
2-1: Foul Ball, location: 2F
2-2: Ball
3-2: Fielders Choice at 2nd, 3-6 (Groundball, 34S, EV 88.1 MPH)
Jaden Scott scores
Bryan Pitcher to third
Batting: RHB Ron Major 0-0: Called Strike
0-1: Ball
1-1: Called Strike
1-2: Foul Ball, location: 2F
1-2: Foul Ball, location: 2F
1-2: Ball
2-2: Fly out, F8 (Flyball, 8RXD, EV 98.1 MPH)
Runner from 3rd tags up, SCORES, no throw by CF
Pitching: LHP Gabe Benitez
Batting: RHB Jeremy Mercer 0-0: Ball
1-0: Swinging Strike
1-1: Foul Ball, location: 2F
1-2: Strikes out swinging
Bottom of the 4th over - 2 runs, 2 hits, 0 errors, 1 left on base; Williamsport 1 - Tri-City 2
TOP OF THE 5TH
Williamsport Crosscutters batting - Pitching for Tri-City Dust Devils : LHP Bei Xú
Batting: RHB Prabhukumar Santhanakrishnan 0-0: Ball
1-0: Ball
2-0: SINGLE (Groundball, 6M, EV 100.0 MPH)
Batting: RHB Alan Weller 0-0: Called Strike
0-1: Swinging Strike
0-2: Ball
1-2: Foul Ball, location: 2F
1-2: Foul Ball, location: 2F
1-2: Foul Ball, location: 2F
1-2: Strikes out looking
Pitching: LHP Andy Silveira
Batting: SHB Benjamin Brown 0-0: Called Strike
Prabhukumar Santhanakrishnan steals 2nd base
0-1: Foul Ball, location: 2F
0-2: Ball
1-2: Ground out 4-3 (Groundball, 4S, EV 78.1 MPH)
Prabhukumar Santhanakrishnan to third
Batting: RHB Jimmy Misener 0-0: Ball
1-0: Ball
2-0: Ground out U3 (Groundball, 3, EV 85.6 MPH)
Top of the 5th over - 0 runs, 1 hit, 0 errors, 1 left on base; Williamsport 1 - Tri-City 2
BOTTOM OF THE 5TH
Tri-City Dust Devils batting - Pitching for Williamsport Crosscutters : LHP Gabe Benitez
Batting: SHB Ryan Brown 0-0: Ground out 6-3 (Groundball, 6, EV 79.4 MPH)
Batting: RHB Joe Weissman 0-0: Called Strike
0-1: Swinging Strike
0-2: Strikes out swinging
Batting: LHB Frank McConnell 0-0: Called Strike
0-1: Swinging Strike
0-2: Strikes out swinging
Bottom of the 5th over - 0 runs, 0 hits, 0 errors, 0 left on base; Williamsport 1 - Tri-City 2
TOP OF THE 6TH
Williamsport Crosscutters batting - Pitching for Tri-City Dust Devils : LHP Andy Silveira
Batting: RHB Matt McDevitt 0-0: Ball
1-0: Foul Ball, location: 2F
1-1: Foul Ball, location: 2F
1-2: Foul Ball, location: 2F
1-2: Foul Ball, location: 2F
1-2: Ball
2-2: Ball
3-2: Base on Balls
Batting: RHB Allen Gravel 0-0: Called Strike
0-1: Ball
1-1: Foul Ball, location: 2F
1-2: Ball
2-2: Foul Ball, location: 2F
2-2: Strikes out swinging
Batting: RHB Moritake Fukumoto 0-0: Called Strike
0-1: Swinging Strike
0-2: Foul Ball, location: 2F
0-2: Ball
Wild Pitch!
Matt McDevitt to second
1-2: Ball
2-2: Foul Ball, location: 2F
2-2: Fly out, F8 (Line Drive, 8RM, EV 88.1 MPH)
Batting: RHB Ken Gadberry 0-0: Ball
1-0: Foul Ball, location: 2F
1-1: Foul Ball, location: 2F
1-2: Ball
2-2: Foul Ball, location: 2F
2-2: Strikes out looking
Top of the 6th over - 0 runs, 0 hits, 0 errors, 1 left on base; Williamsport 1 - Tri-City 2
BOTTOM OF THE 6TH
Tri-City Dust Devils batting - Pitching for Williamsport Crosscutters : LHP Gabe Benitez
Batting: RHB Jaden Scott 0-0: Ball
1-0: Called Strike
1-1: Swinging Strike
1-2: SINGLE (Line Drive, 56D, EV 98.1 MPH)
Batting: RHB Bryan Pitcher 0-0: SINGLE (Groundball, 6MD, EV 103.8 MPH)
Jaden Scott to second
Batting: LHB Paul Adams 0-0: Grounds out, U3 (Groundball, 3L, EV 101.9 MPH)
Jaden Scott to third
Batting: RHB Ruben Luis 0-0: Ball
1-0: Ground out U3 (Groundball, 3, EV 90.0 MPH)
Batting: RHB Ron Major 0-0: Called Strike
0-1: Foul Ball, location: 2F
0-2: Ball
1-2: Foul Ball, location: 2F
1-2: Ball
2-2: Ball
3-2: Strikes out swinging
Bottom of the 6th over - 0 runs, 2 hits, 0 errors, 2 left on base; Williamsport 1 - Tri-City 2
TOP OF THE 7TH
Williamsport Crosscutters batting - Pitching for Tri-City Dust Devils : LHP Andy Silveira
Pitching: RHP Brian McDaniel
Batting: RHB Cory Bonham 0-0: Ball
1-0: Ball
2-0: Ball
3-0: Called Strike
3-1: Base on Balls
Pinch Hitting: LHB Tsuneharu Nishimura 0-0: Called Strike
0-1: Called Strike
0-2: Ball
1-2: Strikes out looking
Batting: RHB Alan Weller 0-0: Ball
Cory Bonham steals 2nd, throwing error, E2
Cory Bonham to third
1-0: Called Strike
1-1: Foul Ball, location: 2F
1-2: Ball
2-2: Strikes out swinging
Batting: SHB Benjamin Brown 0-0: Foul Ball, location: 2F
0-1: Ball
1-1: Swinging Strike
1-2: Strikes out swinging
Top of the 7th over - 0 runs, 0 hits, 1 error, 1 left on base; Williamsport 1 - Tri-City 2
BOTTOM OF THE 7TH
Tri-City Dust Devils batting - Pitching for Williamsport Crosscutters : LHP Gabe Benitez
Pitching: RHP Paul Wright
Now in CF: Tsuneharu Nishimura
Batting: RHB Jeremy Mercer 0-0: Called Strike
0-1: DOUBLE (Line Drive, 9LD, EV 105.0 MPH)
Batting: SHB Ryan Brown 0-0: Ball
1-0: Called Strike
1-1: Ball
2-1: Swinging Strike
2-2: Foul Ball, location: 2F
2-2: Strikes out swinging
Batting: RHB Joe Weissman 0-0: Called Strike
0-1: Ball
Jeremy Mercer is caught stealing 3rd base 2-5
1-1: Swinging Strike
1-2: Ball
2-2: Strikes out looking
Bottom of the 7th over - 0 runs, 1 hit, 0 errors, 0 left on base; Williamsport 1 - Tri-City 2
TOP OF THE 8TH
Williamsport Crosscutters batting - Pitching for Tri-City Dust Devils : RHP Brian McDaniel
Batting: RHB Jimmy Misener 0-0: Called Strike
0-1: Called Strike
0-2: Ball
1-2: Ball
2-2: Strikes out swinging
Batting: RHB Matt McDevitt 0-0: Called Strike
0-1: Swinging Strike
0-2: Strikes out swinging
Batting: RHB Allen Gravel 0-0: SINGLE (Line Drive, 78D, EV 108.1 MPH)
Pitching: RHP Ezra Wunderly
Batting: RHB Moritake Fukumoto 0-0: Ball
1-0: Foul Ball, location: 2F
1-1: Called Strike
1-2: Strikes out swinging
Top of the 8th over - 0 runs, 1 hit, 0 errors, 1 left on base; Williamsport 1 - Tri-City 2
BOTTOM OF THE 8TH
Tri-City Dust Devils batting - Pitching for Williamsport Crosscutters : RHP Paul Wright
Batting: LHB Frank McConnell 0-0: Ball
1-0: Ball
2-0: Called Strike
2-1: Foul Ball, location: 2F
2-2: Foul Ball, location: 2F
2-2: Ball
3-2: Base on Balls
Batting: RHB Jaden Scott 0-0: Ball
1-0: Called Strike
1-1: Called Strike
1-2: Strikes out swinging
Batting: RHB Bryan Pitcher 0-0: Swinging Strike
0-1: Ball
1-1: Ball
Frank McConnell is caught stealing 2nd base 2-4
2-1: Ball
3-1: Fly out, F8 (Flyball, 89S, EV 96.9 MPH)
Bottom of the 8th over - 0 runs, 0 hits, 0 errors, 0 left on base; Williamsport 1 - Tri-City 2
TOP OF THE 9TH
Williamsport Crosscutters batting - Pitching for Tri-City Dust Devils : RHP Ezra Wunderly
Pitching: RHP Angelo Radford
Batting: RHB Ken Gadberry 0-0: Ball
1-0: Ball
2-0: Ball
3-0: Base on Balls
Pinch Hitting: SHB Jeff Echt 0-0: Called Strike
0-1: Ball
1-1: Called Strike
1-2: Ball
2-2: Foul Ball, location: 2F
2-2: Grounds into double play, 4-6-3 (Groundball, 4, EV 83.1 MPH)
Batting: LHB Tsuneharu Nishimura 0-0: Called Strike
0-1: Called Strike
0-2: Ball
1-2: Ball
2-2: Foul Ball, location: 2F
2-2: Foul Ball, location: 2F
2-2: Ball
3-2: Strikes out swinging, 2-3 out at first.
Top of the 9th over - 0 runs, 0 hits, 0 errors, 0 left on base; Williamsport 1 - Tri-City 2
Thursday, March 31st , 2022 - OOTP Baseball 22.12 Build 89